 Dungeon Crawl Stone Soup version 0.31-a0-66-ge618eeaa78 (webtiles) character file.

Game seed: 8688778858378411338

21 lunkers the Shield-Bearer (level 3, -1/26 HPs)
             Began as a Meteoran Wanderer on May 22, 2023.
             Slain by a jackal (2 damage)
             ... on level 1 of the Dungeon.
             The game lasted 00:00:58 (170 turns).

lunkers the Shield-Bearer (Meteoran Wanderer)        Turns: 170, Time: 00:00:59

Health: -1/26      AC:  2    Str: 13    XL:     3   Next: 17%
Magic:  4/4        EV: 10    Int: 12    God:
Gold:   33         SH:  5    Dex: 17    Spells: 2/2 levels left

rFire   . . .        a - +2 hand axe
rCold   . . .        c - +0 buckler
rNeg    . . .        e - +0 robe
rPois   .            (no helmet)
rElec   .            (no cloak)
rCorr   .            (no gloves)
SInv    .            (no boots)
Will    .....        (no amulet)
Stlth   +            (no ring)
HPRegen 0.24/turn    (no ring)
MPRegen 0.09/turn

%: no passive effects
@: glowing
A: sense surroundings 1, otherworldly, glowing, explore regen
a: no special abilities


You were on level 1 of the Dungeon.
You visited 1 branch of the dungeon, and saw 1 of its levels.

You collected 33 gold pieces.

Inventory:

Hand Weapons
 a - a +2 hand axe (weapon)
 b - a +0 falchion
Armour
 c - a +0 buckler (worn)
 e - a +0 robe (worn)
Scrolls
 d - a scroll of fog
Potions
 f - a potion of cancellation {unknown}


   Skills:
 - Level 3.6 Long Blades
 + Level 4.8 Axes
 - Level 4.8 Shields


You had 2 spell levels left.
You didn't know any spells.
Your spell library was empty.

Dungeon Overview and Level Annotations

Branches:
Dungeon (1/15) Zot: 422

Altars:


Innate Abilities, Weirdness & Mutations

You passively map a small area around you.
You are easily found by Zot.
You glow in the dark.
You regain HP and MP as you explore.


Message History

You hit the hobgoblin. The hobgoblin barely misses you.
The jackal barely misses you.
Unknown command.
You closely miss the hobgoblin.
The hobgoblin is almost dead.
You barely miss the jackal. You block the hobgoblin's attack.
The jackal barely misses you.
Unknown command.
You hit the jackal but do no damage. You barely miss the hobgoblin.
The hobgoblin barely misses you. You block the jackal's attack.
Unknown command.
You hit the jackal.
The jackal is moderately wounded.
You closely miss the hobgoblin. You closely miss the jackal.
The jackal bites you but does no damage.
You block the hobgoblin's attack. The jackal bites you.
* * * LOW HITPOINT WARNING * * *
The jackal completely misses you. You block the hobgoblin's attack.
You barely miss the jackal.
The jackal is moderately wounded.
You closely miss the hobgoblin. You miss the jackal.
The jackal closely misses you. The jackal bites you.
* * * LOW HITPOINT WARNING * * *
You block the hobgoblin's attack. The jackal bites you.
* * * LOW HITPOINT WARNING * * *
You barely miss the jackal. You hit the hobgoblin.
You kill the hobgoblin!
You hit the jackal but do no damage. The jackal bites you.
* * * LOW HITPOINT WARNING * * *
You block the jackal's attack.
The jackal bites you but does no damage.
Unknown command.
You hit the jackal.
The jackal is heavily wounded.
You closely miss the jackal. You closely miss the frilled lizard.
The jackal bites you.
* * * LOW HITPOINT WARNING * * *
The jackal barely misses you. You block the frilled lizard's attack.
The jackal closely misses you. The jackal bites you.
You die...

#### #.# .# * # ,
######.### ####.###....
.........# ##..[.).......
.......#.# #..#........#
######.#†####.##........#
##.#...##.##........#** *
***#....#.##†#.........#
#....##......#h##...###
#..###..#.#..†h@l...# #.
#..#......####..#
#.##....### #..##
#.......# ###.g.#### *
#.####..# *#.......... ,
...#*#...l.g..... , *
..#...........h.... , #
####.##............. ##
.# #.........(>.. *


You could see 2 jackals and a frilled lizard.

Vanquished Creatures
  3 endoplasms (D:1)
  A giant cockroach (D:1)
  4 goblins (D:1)
  2 hobgoblins (D:1)
  A jackal (D:1)
  A ball python (D:1)
  5 bats (D:1)
17 creatures vanquished.

Notes
Turn   | Place    | Note
-------+----------+-------------------------------------------
     0 | D:1      | lunkers the Meteoran Wanderer began the quest for the Orb.
     0 | D:1      | lunkers set off with the following items: a +2 hand axe, a
                  | +0 falchion, a +0 buckler, a scroll of fog, a +0 robe.
     0 | D:1      | Reached XP level 1. HP: 14/14 MP: 2/2
    85 | D:1      | Reached XP level 2. HP: 14/20 MP: 3/3
   161 | D:1      | Reached XP level 3. HP: 16/26 MP: 4/4
   169 | D:1      | HP: 1/26 [jackal (3)]
   170 | D:1      | Slain by a jackal

Illustrated notes

Levels and vault maps discovered:
D:1:      minmay_arrival_wavy_path, layout_rooms

Skill      XL: |  1 |
---------------+----+-----
Axes           | 4 |  4.8
Long Blades    | |  3.6
Shields        | |  4.8

Action                     || total
---------------------------++-------
  Melee: Hand axe          ||    46
 Armour: Robe              ||    14
  Dodge: Dodged            ||    32
  Block: Buckler           ||    21

Table legend: (Time is in decaauts)
 A = Elapsed time spent in this place.
 B = Non-inter-level travel time spent in this place.
 C = Inter-level travel time spent in this place.
 D = Time resting spent in this place.
 E = Time spent auto-exploring this place.
 F = Levels seen in this place.
 G = Mean time per level.
                   A        B        C        D        E       F      G
               +--------+--------+--------+--------+--------+-----+--------+
         Total |    176 |    176 |      0 |      0 |     76 |   1 |  176.0 |
       Dungeon |    176 |    176 |      0 |      0 |     76 |   1 |  176.0 |
               +--------+--------+--------+--------+--------+-----+--------+

Top non-repeatable levels by time:
     D:1: 176 daAuts
